Workbook

Sheet Process to prepare
A1: Every unit must prepare accounts
T2: Tab Colours
A6: During the year
A16: The accounts pages
L31: ·
B44: * - You are looking after someone elses money and have a duty to care of it and accounts for what upi have done with it

Sheet CONTENTS
A1: Contents
A3: Information tabs - to help complete process and accounts
A4: Accounts Process
A5: Instructions
A7: To be completed during the year
A8: Data Input
A9: Income (Receipts)
A10: Expenditure (Payments)
A12: Accounts Pages (to be printed off as end of year accounts once completed)
A13: Receipts and payments account
A14: Statement of Balances
A15: Trustees annual report
A16: Independent examiners report

Sheet Accounts Process
A1: Accounts process for units
A3: · Every unit must prepare accounts - whether the unit is registered with OSCR or not
A4: · You are looking after someone else's money, and have a duty to take care of it and account for what you have done with it
A5: · For units that are registered charities, please note that the accounts submitted as part of your annual return, will be published unredacted on the OSCR website. This means that all of the information on the green tabs will be viewable. Please make sure you do not include any additional or unnecessary information.
D32: Once accounts are finalised
L69: ·

Sheet Instructions
A1: Instructions
A3: DATA INPUT | B3: Information entered into the data input sheet will automatically be pulled through to the other sheets as required
A4: General data | B4: Enter unit information: name, year end date etc in blue boxes only.
A5: Is this the first set of accounts that has been prepared for this unit? | B5: N is automatically selected. If this is the first year of the unit operating select Y from the drop down option.
A6: For units that are registered charities | B6: Enter your charity number. This will start with SC0…. If the unit is not a registered charity, please leave this blank.
A7: Number of girls programme delivered to | B7: Add the number of girls your unit has delivered to during the year, this means the number of individual girls who have been members of the unit throughout the year (not necessarily at the same time)
A8: If accounts are significantly different from the previous year | B8: If your accounts are similar to the previous years - make sure "no" is showing. If they are significantly different, i.e. the unit's income and/or expenditure is significantly higher or lower then the previous year make sure the box states "yes" and add in short description of the differences (e.g. fundraising was undertaken, or an international trip was arranged).
A10: INCOME (Receipts)
A11: Starting in the first row in the table, add in your transaction details as follows:
A12: Date | B12: The date of the transaction
A13: Received from | B13: Who money has been received from
A14: Bank / Cash | B14: Select from the drop down whether the amount was in cash or was received into the bank account (e.g. cheque, bank transfer). If your unit receives cash, but this is paid into the bank account (i.e. not spent out as cash), it should be recorded as bank.
A15: Method | B15: In this column record more specifically how the money was received (i.e. cheque, cash, bank transfer)
A16: Reference | B16: This is an additional column so you can record any additional information relevant to this transaction for yourself (e.g. Subs payment 1 of 3)
A17: Columns F to O | B17: These columns are for the amount of money received and what it is for
B18: e.g. £30 received for membership subscriptions would go in column F or £5 received for trip would go in column L
A19: Total | B19: Do not type in here - this has a formula and will add up the total of the row (which should equal the amount received)
A20: Running total column | B20: At the right hand side of the sheet there is a column titled - Running total. This column will show you the running total of money received as cash, and into the bank.
A22: EXPENDITURE (Payments)
A23: Starting in the first row in the table, add in your transaction details as follows:
A24: Date | B24: The date of the transaction
A25: Payee | B25: Who money has been paid to e.g. "Church - Hall Rent"
A26: Bank / Cash | B26: In this column select from the dropdown menu whether the amount paid was in cash or by bank payment (this would include payment by cheque). This can't be left blank. If your unit does not use cash for expenditure (and pays any cash received into the bank) all payments should be categorised as bank.
A27: Method | B27: In this column record the payment type i.e. if it's a bank payment / cash / cheque / transfer
A28: Reference | B28: This is an additional column so you can record any additional information relevant to this transaction for yourself (e.g. Cheque number 0110542 - Thinking Day badges)
A29: Columns F to P | B29: These columns are for the amount of the payment and what it is for
B30: e.g. £110 paid for hall rent would go in column J or £7 in paid for stamps would go in column M
A31: Total | B31: Do not type in here - this has a formula and will add up the total of the row (this should equal the amount paid)
A32: Running total column | B32: At the right hand side of the sheet there is a column titled - Running total. This column will show you the running total of money spent out as cash, and bank payment.
A34: 3rd party fundraising
A35: (Column I in Income and Column G in Expenditure)
A36: Example: Holding a coffee morning for another charity
H37: Column I on Income tab | J37: Column G on Expenditure tab
H38: Income | J38: Expenditure
B40: Amount made from coffee morning | H40: 43.5
B41: Costs of coffee morning (tea, coffee, milk, biscuits) | J41: 5.5
B42: Paid to another charity | J42: 38
G43: Total: | H43: =SUM(H40:H42) -> 43.5 | J43: =SUM(J40:J42) -> 43.5
H44: These values must be the same
A46: How this looks in the receipts and payments tab (information will pull through automatically)
A67: Paying into bank
A69: You only need to use this tab if you spend out cash. If any cash received is paid into the bank and all expenditure is via cheque, bank transfer or debit card payment you do not need to add anything to this tab.
A71: On the left there is a box to fill in details of cash paid into the bank.
A72: Date | B72: Enter the date that the deposit was made to the bank
A73: Pay-in slip reference | B73: Enter the pay-in slip reference
A74: Details | B74: Enter any additional information you require (such as what the cash was collected for)
A75: Amount (£) | B75: Enter the amount of the deposit
A76: You don't need to do a separate pay in for each amount of cash received. Just for each deposit. i.e. if you received subs in cash from 6 girls of £50 each and deposited all of the cash at the same time, you would just show 1 deposit of £300.
A78: On the right there is a box to fill in details of cash withdrawn from the bank.
A79: Date | B79: Enter the date that the withdrawal was made
A80: Details | B80: Enter in any additional information you require (such as what the cash was to be used for)
A81: Amount (£) | B81: Enter the amount of cash withdrawn
A82: The information at the top right will populate automatically, nothing needs to be manually entered here.
A84: RECEIPTS AND PAYMENTS ACCOUNT
A85: Current year | B85: Do not enter anything into this column as information pulls direct from the income, expenditure and data input tabs.
A86: Previous year's figures | B86: These need to be manually input in the blue boxes in column D from the previous years accounts or left blank if this is the unit's first set of accounts.
A88: STATEMENT OF BALANCES
A90: Current year | B90: You do not need to enter any information for the current year. This information pulls directly from the income, expenditure, data input tabs
A92: IMPORTANT The opening cash and bank balances are taken from the figures entered for the previous year so make sure these are correct otherwise your current year won't balance !
A93: The figures for the closing bank (in cell B18) and cash (in cell B17) balances are automatically calculated and should be checked against the bank statement at the year end and the physical cash balance respectively.
A95: Previous year's figures | B95: These need to be manually input in column D from the previous years accounts or left blank if this is the unit's first set of accounts.
A97: TRUSTEES' ANNUAL REPORT
A99: All of the required information for this report will automatically be pulled through from the data input tab.
A101: INDEPENDENT EXAMINERS REPORT
A102: All of the required information (inlcuding a typed signature) for this report will automatically be pulled through from the data input tab.
A103: The details of the independent examiner should not be added until they have confirmed that they are happy to sign off the independent examiner's report.

Sheet Instructions_2
A1: Instructions
A3: DATA INPUT | B3: Information entered into the data input sheet will automatically be pulled through to the other sheets as required
A4: General data | B4: Enter unit information: name, year end date etc in blue boxes only.
A5: Is this the first set of accounts that has been prepared for this unit? | B5: N is automatically selected. If this is the first year of the unit operating select Y from the drop down option.
A6: For units that are registered charities | B6: Enter your charity number. This will start with SC0…. If the unit is not a registered charity, please leave this blank.
A7: Number of girls programme delivered to | B7: Add the number of girls your unit has delivered to during the year, this means the number of individual girls who have been members of the unit throughout the year (not necessarily at the same time)
A8: If accounts are significantly different from the previous year | B8: If your accounts are similar to the previous years - make sure "no" is showing. If they are significantly different, i.e. the unit's income and/or expenditure is significantly higher or lower then the previous year make sure the box states "yes" and add in short description of the differences (e.g. fundraising was undertaken, or an international trip was arranged).
A10: INCOME (Receipts)
A11: Starting in the first row in the table, add in your transaction details as follows:
A12: Date | B12: The date of the transaction
A13: Received from | B13: Who money has been received from
A14: Bank / Cash | B14: Select from the drop down whether the amount was in cash or was received into the bank account (e.g. cheque, bank transfer). If your unit receives cash, but this is paid into the bank account (i.e. not spent out as cash), it should be recorded as bank.
A15: Method | B15: In this column record more specifically how the money was received (i.e. cheque, cash, bank transfer)
A16: Reference | B16: This is an additional column so you can record any additional information relevant to this transaction for yourself (e.g. Subs payment 1 of 3)
A17: Columns F to O | B17: These columns are for the amount of money received and what it is for
B18: e.g. £30 received for membership subscriptions would go in column F or £5 received for trip would go in column L
A19: Total | B19: Do not type in here - this has a formula and will add up the total of the row (which should equal the amount received)
A20: Running total column | B20: At the right hand side of the sheet there is a column titled - Running total. This column will show you the running total of money received as cash, and into the bank.
A22: EXPENDITURE (Payments)
A23: Starting in the first row in the table, add in your transaction details as follows:
A24: Date | B24: The date of the transaction
A25: Payee | B25: Who money has been paid to e.g. "Church - Hall Rent"
A26: Bank / Cash | B26: In this column select from the dropdown menu whether the amount paid was in cash or by bank payment (this would include payment by cheque). This can't be left blank. If your unit does not use cash for expenditure (and pays any cash received into the bank) all payments should be categorised as bank.
A27: Method | B27: In this column record the payment type i.e. if it's a bank payment / cash / cheque / transfer
A28: Reference | B28: This is an additional column so you can record any additional information relevant to this transaction for yourself (e.g. Cheque number 0110542 - Thinking Day badges)
A29: Columns F to P | B29: These columns are for the amount of the payment and what it is for
B30: e.g. £110 paid for hall rent would go in column J or £7 in paid for stamps would go in column M
A31: Total | B31: Do not type in here - this has a formula and will add up the total of the row (this should equal the amount paid)
A32: Running total column | B32: At the right hand side of the sheet there is a column titled - Running total. This column will show you the running total of money spent out as cash, and bank payment.
A34: 3rd party fundraising
A35: (Column I in Income and Column G in Expenditure)
A36: Example: Holding a coffee morning for another charity
H37: Column I on Income tab | J37: Column G on Expenditure tab
H38: Income | J38: Expenditure
B40: Amount made from coffee morning | H40: 43.5
B41: Costs of coffee morning (tea, coffee, milk, biscuits) | J41: 5.5
B42: Paid to another charity | J42: 38
G43: Total: | H43: =SUM(H40:H42) -> 43.5 | J43: =SUM(J40:J42) -> 43.5
H44: These values must be the same
A46: How this looks in the receipts and payments tab (information will pull through automatically)
A67: Paying into bank
A69: You only need to use this tab if you spend out cash. If any cash received is paid into the bank and all expenditure is via cheque, bank transfer or debit card payment you do not need to add anything to this tab.
A71: On the left there is a box to fill in details of cash paid into the bank.
A72: Date | B72: Enter the date that the deposit was made to the bank
A73: Pay-in slip reference | B73: Enter the pay-in slip reference
A74: Details | B74: Enter any additional information you require (such as what the cash was collected for)
A75: Amount (£) | B75: Enter the amount of the deposit
A76: You don't need to do a separate pay in for each amount of cash received. Just for each deposit. i.e. if you received subs in cash from 6 girls of £50 each and deposited all of the cash at the same time, you would just show 1 deposit of £300.
A78: On the right there is a box to fill in details of cash withdrawn from the bank.
A79: Date | B79: Enter the date that the withdrawal was made
A80: Details | B80: Enter in any additional information you require (such as what the cash was to be used for)
A81: Amount (£) | B81: Enter the amount of cash withdrawn
A82: The information at the top right will populate automatically, nothing needs to be manually entered here.
A84: RECEIPTS AND PAYMENTS ACCOUNT
A85: Current year | B85: Do not enter anything into this column as information pulls direct from the income, expenditure and data input tabs.
A86: Previous year's figures | B86: These need to be manually input in the blue boxes in column D from the previous years accounts or left blank if this is the unit's first set of accounts.
A88: STATEMENT OF BALANCES
A90: Current year | B90: You do not need to enter any information for the current year. This information pulls directly from the income, expenditure, data input tabs
A92: IMPORTANT The opening cash and bank balances are taken from the figures entered for the previous year so make sure these are correct otherwise your current year won't balance !
A93: The figures for the closing bank (in cell B18) and cash (in cell B17) balances are automatically calculated and should be checked against the bank statement at the year end and the physical cash balance respectively.
A95: Previous year's figures | B95: These need to be manually input in column D from the previous years accounts or left blank if this is the unit's first set of accounts.
A97: TRUSTEES' ANNUAL REPORT
A99: All of the required information for this report will automatically be pulled through from the data input tab.
A101: INDEPENDENT EXAMINERS REPORT
A102: All of the required information (inlcuding a typed signature) for this report will automatically be pulled through from the data input tab.
A103: The details of the independent examiner should not be added until they have confirmed that they are happy to sign off the independent examiner's report.

Sheet 3rd party fund
A1: 3rd party fundraising - notes
A3: EXAMPLE - Holding a coffee morning for another charity
B5: Column I on Income tab | D5: Column J on Expenditure tab
B7: Income | D7: Expenditure
A9: Amount made from coffee morning | B9: 43.5
A10: Ingredients for cake sale (e.g tea / coffee / biscuits) | D10: 5.5
A11: Paid to another charity | D11: 38
B13: =SUM(B9:B12) -> 43.5 | D13: =SUM(D9:D12) -> 43.5
B14: These values must be the same
A16: How this look and pulls through to the accounts

Sheet DATA INPUT
A1: Data Required for Unit Accounts
A3: Please complete all grey boxes below (this information will filter through to the accounts) | F3: Income | G3: Expenditure | H3: State of R&P | I3: State of bal | J3: Trustees | K3: IE Report
A7: Unit Name | C7: 1st Stewartry Rangers | F7: P | G7: P | H7: P | I7: P | J7: P | K7: P
A9: Charity Number | B9: (if applicable) | C9: SC051769 | F9: P | G9: P | H9: P | I9: P | J9: P | K9: P
A11: Year End Date | B11: Enter in this format: 31.12.2025 | C11: 31.12.2025 | F11: P | G11: P | H11: P | I11: P | J11: P | K11: P
B12: Is this the first set of accounts that has been prepared for this unit? (Y or N) | C12: N
A15: Current year | B15: No need to enter | C15: 2026 | H15: P | I15: P
A16: Prior year | B16: No need to enter | C16: =C15-1 -> 2025 | H16: P | I16: P
A18: District | B18: (if applicable) | C18: Stewartry District | J18: P
A20: Division | B20: (if applicable) | C20: Dumfries and Galloway, Scotlans | J20: P
A22: Charity trustees | B22: Role | C22: Name
B23: Rebecca Vasey | C23: Leader | J23: P
B24: Laura Dickie | C24: Leader | J24: P
B25: Jane Banks | C25: Leader | J25: P
J26: P
J27: P
A29: Address | J29: P
J30: P
J31: P
J32: P
A34: Independent examiner | B34: Name | C34: Jillian Ridding | K34: P
A36: Independent examiner | B36: Address | C36: 14 Randolph Crescent | K36: P
C37: Garlieston | K37: P
C38: Newton Stewart | K38: P
K39: P
A41: Number of girls programme delivered to | C41: 20
A43: Do the accounts differ significantly from previous year ? (YES / NO) | C43: no
A45: If "YES" please add explanation below
A46: Castle Douglas guides changed leadership so the leader at the time Janet Crooks used this accounts to help managed the accounts for CAStle Douglas Guides so they could still access finances
A48: Date of signing | B48: day/month/year | C48: 46243
A49: Name of person signing accounts | C49: Rebecca Vasey
C50: Person three
A51: Role | C51: Treasurer

Sheet Data sheet
A1: Type
A3: Bank | D3: Y
A4: Cash | D4: N
A7: Template

Sheet INCOME (Receipts)
A1: INCOME (Receipts)
O2: Bank | P2: =SUMIF($C$10:$C$96,O2,$P$10:$P$96) -> 100
A3: Unit: | B3: =IF('DATA INPUT'!C7>0,'DATA INPUT'!C7," ") -> 1st Stewartry Rangers | O3: Cash | P3: =SUMIF($C$10:$C$96,O3,$P$10:$P$96) -> 0
A4: Charity number: | B4: =IF('DATA INPUT'!C9>0,'DATA INPUT'!C9," ") -> SC051769 | P4: =SUM(P2:P3) -> 100
A5: Year end date: | B5: =IF('DATA INPUT'!C11>0,'DATA INPUT'!C11," ") -> 31.12.2025
C7: This is drop down | F7: Enter the amount recieved in one of these columns (that best describes what the money is for) | Q7: Running total
A8: Date | B8: Received from | C8: Bank / Cash | D8: Method | E8: Reference | F8: Membership subscriptions | G8: Donations received | H8: Unit fundraising | I8: 3rd Party fundraising | J8: Bank interest | K8: Gift aid | L8: Trips | M8: Grants received | N8: Residential trips | O8: Miscellaneous | P8: TOTAL | Q8: Bank | R8: Cash
F9: =SUM(F10:F96) -> 693 | G9: =SUM(G10:G96) -> 2675.5 | H9: =SUM(H10:H96) -> 1428.96 | I9: =SUM(I10:I96) -> 95.12 | J9: =SUM(J10:J96) -> 0 | K9: =SUM(K10:K96) -> 49.22 | L9: =SUM(L10:L96) -> 1905 | M9: =SUM(M10:M96) -> 0 | ... O9: =SUM(O10:O96) -> 0 | P9: =SUM(F9:O9) -> 13107.72
A10: 45671 | B10: Kirsten Roberts | C10: Bank | D10: bacs | F10: 35 | P10: =SUM(F10:O10) -> 35 | Q10: =IF(C10=$Q$8,P10,0) -> 35 | R10: =IF(C10=$R$8,P10,0) -> 0
A11: 45672 | B11: Alison Gallacher | C11: Bank | F11: 15 | N11: 50 | P11: =SUM(F11:O11) -> 65 | Q11: =IF(C11=$Q$8,P11+Q10,0+Q10) -> 100 | R11: =IF(C11=$R$8,P11+R10,0+R10) -> 0
A12: 45673 | B12: Jessie Campbell | F12: 15 | P12: =SUM(F12:O12) -> 15 | Q12: =IF(C12=$Q$8,P12+Q11,0+Q11) -> 100 | R12: =IF(C12=$R$8,P12+R11,0+R11) -> 0
A13: 45673 | B13: Laura Fairburn | F13: 15 | P13: =SUM(F13:O13) -> 15 | Q13: =IF(C13=$Q$8,P13+Q12,0+Q12) -> 100 | R13: =IF(C13=$R$8,P13+R12,0+R12) -> 0
A14: 45677 | B14: Fundraising | E14: jams | H14: 51 | P14: =SUM(F14:O14) -> 51 | Q14: =IF(C14=$Q$8,P14+Q13,0+Q13) -> 100 | R14: =IF(C14=$R$8,P14+R13,0+R13) -> 0
B15: Polly Hastings | F15: 15 | N15: 50 | P15: =SUM(F15:O15) -> 65 | Q15: =IF(C15=$Q$8,P15+Q14,0+Q14) -> 100 | R15: =IF(C15=$R$8,P15+R14,0+R14) -> 0
A16: 45678 | B16: Gunta Thompson | F16: 15 | P16: =SUM(F16:O16) -> 15 | Q16: =IF(C16=$Q$8,P16+Q15,0+Q15) -> 100 | R16: =IF(C16=$R$8,P16+R15,0+R15) -> 0
B17: Gillian Jamieson | F17: 15 | N17: 50 | P17: =SUM(F17:O17) -> 65 | Q17: =IF(C17=$Q$8,P17+Q16,0+Q16) -> 100 | R17: =IF(C17=$R$8,P17+R16,0+R16) -> 0
A18: 45679 | B18: J Cunningham | F18: 15 | N18: 70 | P18: =SUM(F18:O18) -> 85 | Q18: =IF(C18=$Q$8,P18+Q17,0+Q17) -> 100 | R18: =IF(C18=$R$8,P18+R17,0+R17) -> 0
A19: 45680 | B19: Fundraising | N19: 594 | P19: =SUM(F19:O19) -> 594 | Q19: =IF(C19=$Q$8,P19+Q18,0+Q18) -> 100 | R19: =IF(C19=$R$8,P19+R18,0+R18) -> 0
A20: 45684 | B20: Jams | N20: 20 | P20: =SUM(F20:O20) -> 20 | Q20: =IF(C20=$Q$8,P20+Q19,0+Q19) -> 100 | R20: =IF(C20=$R$8,P20+R19,0+R19) -> 0
A21: 45684 | B21: Jessie Campbell | N21: 50 | P21: =SUM(F21:O21) -> 50 | Q21: =IF(C21=$Q$8,P21+Q20,0+Q20) -> 100 | R21: =IF(C21=$R$8,P21+R20,0+R20) -> 0
A22: 45688 | B22: Miranda Hall | N22: 50 | P22: =SUM(F22:O22) -> 50 | Q22: =IF(C22=$Q$8,P22+Q21,0+Q21) -> 100 | R22: =IF(C22=$R$8,P22+R21,0+R21) -> 0
A23: 45688 | B23: Ella Fairburn | N23: 50 | P23: =SUM(F23:O23) -> 50 | Q23: =IF(C23=$Q$8,P23+Q22,0+Q22) -> 100 | R23: =IF(C23=$R$8,P23+R22,0+R22) -> 0
A24: 45691 | B24: Katrina Pollard | F24: 15 | P24: =SUM(F24:O24) -> 15 | Q24: =IF(C24=$Q$8,P24+Q23,0+Q23) -> 100 | R24: =IF(C24=$R$8,P24+R23,0+R23) -> 0
B25: Spence Corvus | N25: 50 | P25: =SUM(F25:O25) -> 50 | Q25: =IF(C25=$Q$8,P25+Q24,0+Q24) -> 100 | R25: =IF(C25=$R$8,P25+R24,0+R24) -> 0
B26: Gruba Ola | N26: 50 | P26: =SUM(F26:O26) -> 50 | Q26: =IF(C26=$Q$8,P26+Q25,0+Q25) -> 100 | R26: =IF(C26=$R$8,P26+R25,0+R25) -> 0
A27: 45692 | B27: Gunta Thompson | N27: 50 | P27: =SUM(F27:O27) -> 50 | Q27: =IF(C27=$Q$8,P27+Q26,0+Q26) -> 100 | R27: =IF(C27=$R$8,P27+R26,0+R26) -> 0
A28: 45693 | B28: S Kelkal | N28: 50 | P28: =SUM(F28:O28) -> 50 | Q28: =IF(C28=$Q$8,P28+Q27,0+Q27) -> 100 | R28: =IF(C28=$R$8,P28+R27,0+R27) -> 0
A29: 45699 | B29: Easy fundraising | I29: 63.91 | P29: =SUM(F29:O29) -> 63.91 | Q29: =IF(C29=$Q$8,P29+Q28,0+Q28) -> 100 | R29: =IF(C29=$R$8,P29+R28,0+R28) -> 0
A30: 45705 | B30: Ella Fairburn | L30: 20 | P30: =SUM(F30:O30) -> 20 | Q30: =IF(C30=$Q$8,P30+Q29,0+Q29) -> 100 | R30: =IF(C30=$R$8,P30+R29,0+R29) -> 0
A31: 45705 | B31: Gunta Thompson | L31: 20 | P31: =SUM(F31:O31) -> 20 | Q31: =IF(C31=$Q$8,P31+Q30,0+Q30) -> 100 | R31: =IF(C31=$R$8,P31+R30,0+R30) -> 0
A32: 45705 | B32: Gillian Jamieson | L32: 20 | P32: =SUM(F32:O32) -> 20 | Q32: =IF(C32=$Q$8,P32+Q31,0+Q31) -> 100 | R32: =IF(C32=$R$8,P32+R31,0+R31) -> 0
A33: 45709 | B33: Fundraising | H33: 80 | P33: =SUM(F33:O33) -> 80 | Q33: =IF(C33=$Q$8,P33+Q32,0+Q32) -> 100 | R33: =IF(C33=$R$8,P33+R32,0+R32) -> 0
A34: 45712 | B34: Alice Crooks | N34: 50 | P34: =SUM(F34:O34) -> 50 | Q34: =IF(C34=$Q$8,P34+Q33,0+Q33) -> 100 | R34: =IF(C34=$R$8,P34+R33,0+R33) -> 0
A35: 45713 | B35: Jams | H35: 46 | P35: =SUM(F35:O35) -> 46 | Q35: =IF(C35=$Q$8,P35+Q34,0+Q34) -> 100 | R35: =IF(C35=$R$8,P35+R34,0+R34) -> 0
B36: Mr M Barry | H36: 50 | P36: =SUM(F36:O36) -> 50 | Q36: =IF(C36=$Q$8,P36+Q35,0+Q35) -> 100 | R36: =IF(C36=$R$8,P36+R35,0+R35) -> 0
A37: 45714 | B37: BCMY Ltd | H37: 4 | P37: =SUM(F37:O37) -> 4 | Q37: =IF(C37=$Q$8,P37+Q36,0+Q36) -> 100 | R37: =IF(C37=$R$8,P37+R36,0+R36) -> 0
A38: 45715 | B38: D of E reimbursement | N38: 50 | P38: =SUM(F38:O38) -> 50 | Q38: =IF(C38=$Q$8,P38+Q37,0+Q37) -> 100 | R38: =IF(C38=$R$8,P38+R37,0+R37) -> 0
A39: 45715 | B39: Bag Packing | H39: 339.2 | P39: =SUM(F39:O39) -> 339.2 | Q39: =IF(C39=$Q$8,P39+Q38,0+Q38) -> 100 | R39: =IF(C39=$R$8,P39+R38,0+R38) -> 0
B40: Libby Ong | N40: 350 | P40: =SUM(F40:O40) -> 350 | Q40: =IF(C40=$Q$8,P40+Q39,0+Q39) -> 100 | R40: =IF(C40=$R$8,P40+R39,0+R39) -> 0
A41: 45716 | B41: GG Assoc Grant | G41: 500 | P41: =SUM(F41:O41) -> 500 | Q41: =IF(C41=$Q$8,P41+Q40,0+Q40) -> 100 | R41: =IF(C41=$R$8,P41+R40,0+R40) -> 0
A42: 45719 | B42: Stephen Hall | F42: 29.6 | P42: =SUM(F42:O42) -> 29.6 | Q42: =IF(C42=$Q$8,P42+Q41,0+Q41) -> 100 | R42: =IF(C42=$R$8,P42+R41,0+R41) -> 0
B43: Gruba Ola | F43: 29.6 | P43: =SUM(F43:O43) -> 29.6 | Q43: =IF(C43=$Q$8,P43+Q42,0+Q42) -> 100 | R43: =IF(C43=$R$8,P43+R42,0+R42) -> 0
B44: Spence Corvus | F44: 29.6 | P44: =SUM(F44:O44) -> 29.6 | Q44: =IF(C44=$Q$8,P44+Q43,0+Q43) -> 100 | R44: =IF(C44=$R$8,P44+R43,0+R43) -> 0
B45: Mr M Barry | F45: 29.6 | P45: =SUM(F45:O45) -> 29.6 | Q45: =IF(C45=$Q$8,P45+Q44,0+Q44) -> 100 | R45: =IF(C45=$R$8,P45+R44,0+R44) -> 0
A46: 45726 | B46: Jams | H46: 9 | P46: =SUM(F46:O46) -> 9 | Q46: =IF(C46=$Q$8,P46+Q45,0+Q45) -> 100 | R46: =IF(C46=$R$8,P46+R45,0+R45) -> 0
B47: Kelkal camp | F47: 29.6 | P47: =SUM(F47:O47) -> 29.6 | Q47: =IF(C47=$Q$8,P47+Q46,0+Q46) -> 100 | R47: =IF(C47=$R$8,P47+R46,0+R46) -> 0
A48: 45733 | B48: Hedge Planting | G48: 20 | P48: =SUM(F48:O48) -> 20 | Q48: =IF(C48=$Q$8,P48+Q47,0+Q47) -> 100 | R48: =IF(C48=$R$8,P48+R47,0+R47) -> 0
A49: 45741 | B49: Amy McGarva | N49: 50 | P49: =SUM(F49:O49) -> 50 | Q49: =IF(C49=$Q$8,P49+Q48,0+Q48) -> 100 | R49: =IF(C49=$R$8,P49+R48,0+R48) -> 0
A50: 45769 | B50: Mollie Stassi | F50: 20 | P50: =SUM(F50:O50) -> 20 | Q50: =IF(C50=$Q$8,P50+Q49,0+Q49) -> 100 | R50: =IF(C50=$R$8,P50+R49,0+R49) -> 0
A51: 45769 | B51: Elise Muir | N51: 30 | P51: =SUM(F51:O51) -> 30 | Q51: =IF(C51=$Q$8,P51+Q50,0+Q50) -> 100 | R51: =IF(C51=$R$8,P51+R50,0+R50) -> 0
A52: 45775 | B52: coffee morning | H52: 407.15 | P52: =SUM(F52:O52) -> 407.15 | Q52: =IF(C52=$Q$8,P52+Q51,0+Q51) -> 100 | R52: =IF(C52=$R$8,P52+R51,0+R51) -> 0
B53: Borgue Potato day | H53: 379.61 | P53: =SUM(F53:O53) -> 379.61 | Q53: =IF(C53=$Q$8,P53+Q52,0+Q52) -> 100 | R53: =IF(C53=$R$8,P53+R52,0+R52) -> 0
A54: 45776 | B54: jams | H54: 15 | P54: =SUM(F54:O54) -> 15 | Q54: =IF(C54=$Q$8,P54+Q53,0+Q53) -> 100 | R54: =IF(C54=$R$8,P54+R53,0+R53) -> 0
A55: 45777 | B55: Gunta Thompson | N55: 50 | P55: =SUM(F55:O55) -> 50 | Q55: =IF(C55=$Q$8,P55+Q54,0+Q54) -> 100 | R55: =IF(C55=$R$8,P55+R54,0+R54) -> 0
B56: Jessie Campbell | N56: 50 | P56: =SUM(F56:O56) -> 50 | Q56: =IF(C56=$Q$8,P56+Q55,0+Q55) -> 100 | R56: =IF(C56=$R$8,P56+R55,0+R55) -> 0
A57: 46144 | B57: E R?utherford | F57: 15 | P57: =SUM(F57:O57) -> 15 | Q57: =IF(C57=$Q$8,P57+Q56,0+Q56) -> 100 | R57: =IF(C57=$R$8,P57+R56,0+R56) -> 0
B58: Polly Hastings | N58: 50 | P58: =SUM(F58:O58) -> 50 | Q58: =IF(C58=$Q$8,P58+Q57,0+Q57) -> 100 | R58: =IF(C58=$R$8,P58+R57,0+R57) -> 0
A59: 45783 | B59: Polly Hastings | F59: 15 | P59: =SUM(F59:O59) -> 15 | Q59: =IF(C59=$Q$8,P59+Q58,0+Q58) -> 100 | R59: =IF(C59=$R$8,P59+R58,0+R58) -> 0
A60: 45784 | B60: Jams | H60: 48 | P60: =SUM(F60:O60) -> 48 | Q60: =IF(C60=$Q$8,P60+Q59,0+Q59) -> 100 | R60: =IF(C60=$R$8,P60+R59,0+R59) -> 0
A61: 45789 | B61: Libby Ong | N61: 100 | P61: =SUM(F61:O61) -> 100 | Q61: =IF(C61=$Q$8,P61+Q60,0+Q60) -> 100 | R61: =IF(C61=$R$8,P61+R60,0+R60) -> 0
A62: 45790 | B62: Gillian Jamieson | F62: 25 | P62: =SUM(F62:O62) -> 25 | Q62: =IF(C62=$Q$8,P62+Q61,0+Q61) -> 100 | R62: =IF(C62=$R$8,P62+R61,0+R61) -> 0
B63: Easy fundraising | I63: 31.21 | P63: =SUM(F63:O63) -> 31.21 | Q63: =IF(C63=$Q$8,P63+Q62,0+Q62) -> 100 | R63: =IF(C63=$R$8,P63+R62,0+R62) -> 0
A64: 45796 | B64: Jessie Campbell | F64: 25 | P64: =SUM(F64:O64) -> 25 | Q64: =IF(C64=$Q$8,P64+Q63,0+Q63) -> 100 | R64: =IF(C64=$R$8,P64+R63,0+R63) -> 0
B65: Isla Maxwwell | F65: 25 | P65: =SUM(F65:O65) -> 25 | Q65: =IF(C65=$Q$8,P65+Q64,0+Q64) -> 100 | R65: =IF(C65=$R$8,P65+R64,0+R64) -> 0
A66: 45800 | B66: Elise Muir | F66: 15 | P66: =SUM(F66:O66) -> 15 | Q66: =IF(C66=$Q$8,P66+Q65,0+Q65) -> 100 | R66: =IF(C66=$R$8,P66+R65,0+R65) -> 0
B67: Katrina Pollard | F67: 15 | P67: =SUM(F67:O67) -> 15 | Q67: =IF(C67=$Q$8,P67+Q66,0+Q66) -> 100 | R67: =IF(C67=$R$8,P67+R66,0+R66) -> 0
B68: Gillian Jamieson | F68: 15 | P68: =SUM(F68:O68) -> 15 | Q68: =IF(C68=$Q$8,P68+Q67,0+Q67) -> 100 | R68: =IF(C68=$R$8,P68+R67,0+R67) -> 0
B69: Isla Maxwwell | F69: 15 | P69: =SUM(F69:O69) -> 15 | Q69: =IF(C69=$Q$8,P69+Q68,0+Q68) -> 100 | R69: =IF(C69=$R$8,P69+R68,0+R68) -> 0
B70: Polly Hastings | F70: 15 | P70: =SUM(F70:O70) -> 15 | Q70: =IF(C70=$Q$8,P70+Q69,0+Q69) -> 100 | R70: =IF(C70=$R$8,P70+R69,0+R69) -> 0
B71: Alison Gallacher | F71: 15 | P71: =SUM(F71:O71) -> 15 | Q71: =IF(C71=$Q$8,P71+Q70,0+Q70) -> 100 | R71: =IF(C71=$R$8,P71+R70,0+R70) -> 0
B72: Amy McGarva | F72: 15 | P72: =SUM(F72:O72) -> 15 | Q72: =IF(C72=$Q$8,P72+Q71,0+Q71) -> 100 | R72: =IF(C72=$R$8,P72+R71,0+R71) -> 0
B73: Jessie Campbell | F73: 15 | P73: =SUM(F73:O73) -> 15 | Q73: =IF(C73=$Q$8,P73+Q72,0+Q72) -> 100 | R73: =IF(C73=$R$8,P73+R72,0+R72) -> 0
B74: Gunta Thompson | F74: 15 | P74: =SUM(F74:O74) -> 15 | Q74: =IF(C74=$Q$8,P74+Q73,0+Q73) -> 100 | R74: =IF(C74=$R$8,P74+R73,0+R73) -> 0
A75: 45804 | B75: Kirsten Roberts | F75: 15 | L75: 25 | P75: =SUM(F75:O75) -> 40 | Q75: =IF(C75=$Q$8,P75+Q74,0+Q74) -> 100 | R75: =IF(C75=$R$8,P75+R74,0+R74) -> 0
B76: Emma Moodie Orren subs | F76: 30 | P76: =SUM(F76:O76) -> 30 | Q76: =IF(C76=$Q$8,P76+Q75,0+Q75) -> 100 | R76: =IF(C76=$R$8,P76+R75,0+R75) -> 0
A77: 45855 | B77: charities trust | K77: 49.22 | P77: =SUM(F77:O77) -> 49.22 | Q77: =IF(C77=$Q$8,P77+Q76,0+Q76) -> 100 | R77: =IF(C77=$R$8,P77+R76,0+R76) -> 0
A78: 45859 | B78: Gunta Thompson | N78: 100 | P78: =SUM(F78:O78) -> 100 | Q78: =IF(C78=$Q$8,P78+Q77,0+Q77) -> 100 | R78: =IF(C78=$R$8,P78+R77,0+R77) -> 0
B79: Reynold Quinn | N79: 200 | P79: =SUM(F79:O79) -> 200 | Q79: =IF(C79=$Q$8,P79+Q78,0+Q78) -> 100 | R79: =IF(C79=$R$8,P79+R78,0+R78) -> 0
B80: Jessie Campbell | N80: 200 | P80: =SUM(F80:O80) -> 200 | Q80: =IF(C80=$Q$8,P80+Q79,0+Q79) -> 100 | R80: =IF(C80=$R$8,P80+R79,0+R79) -> 0
B81: Polly Hastings | N81: 200 | P81: =SUM(F81:O81) -> 200 | Q81: =IF(C81=$Q$8,P81+Q80,0+Q80) -> 100 | R81: =IF(C81=$R$8,P81+R80,0+R80) -> 0
A82: 45805 | B82: jams | G82: 18 | P82: =SUM(F82:O82) -> 18 | Q82: =IF(C82=$Q$8,P82+Q81,0+Q81) -> 100 | R82: =IF(C82=$R$8,P82+R81,0+R81) -> 0
A83: 46182 | G83: 32.5 | P83: =SUM(F83:O83) -> 32.5 | Q83: =IF(C83=$Q$8,P83+Q82,0+Q82) -> 100 | R83: =IF(C83=$R$8,P83+R82,0+R82) -> 0
A84: 45817 | B84: mollie subs | F84: 25 | P84: =SUM(F84:O84) -> 25 | Q84: =IF(C84=$Q$8,P84+Q83,0+Q83) -> 100 | R84: =IF(C84=$R$8,P84+R83,0+R83) -> 0
B85: charities trust donation | G85: 50 | P85: =SUM(F85:O85) -> 50 | Q85: =IF(C85=$Q$8,P85+Q84,0+Q84) -> 100 | R85: =IF(C85=$R$8,P85+R84,0+R84) -> 0
B86: IOS Trip Quinn | N86: 150 | P86: =SUM(F86:O86) -> 150 | Q86: =IF(C86=$Q$8,P86+Q85,0+Q85) -> 100 | R86: =IF(C86=$R$8,P86+R85,0+R85) -> 0
A87: 45820 | B87: jams | G87: 40 | P87: =SUM(F87:O87) -> 40 | Q87: =IF(C87=$Q$8,P87+Q86,0+Q86) -> 100 | R87: =IF(C87=$R$8,P87+R86,0+R86) -> 0
B88: k pollard | G88: 5 | P88: =SUM(F88:O88) -> 5 | Q88: =IF(C88=$Q$8,P88+Q87,0+Q87) -> 100 | R88: =IF(C88=$R$8,P88+R87,0+R87) -> 0
A89: 46186 | B89: Isla Maxwwell | G89: 5 | P89: =SUM(F89:O89) -> 5 | Q89: =IF(C89=$Q$8,P89+Q88,0+Q88) -> 100 | R89: =IF(C89=$R$8,P89+R88,0+R88) -> 0
B90: Polly Hastings | G90: 5 | P90: =SUM(F90:O90) -> 5 | Q90: =IF(C90=$Q$8,P90+Q89,0+Q89) -> 100 | R90: =IF(C90=$R$8,P90+R89,0+R89) -> 0
A91: 45827 | B91: Elise Muir | N91: 150 | P91: =SUM(F91:O91) -> 150 | Q91: =IF(C91=$Q$8,P91+Q90,0+Q90) -> 100 | R91: =IF(C91=$R$8,P91+R90,0+R90) -> 0
A92: 45828 | B92: Jessie Campbell | N92: 150 | P92: =SUM(F92:O92) -> 150 | Q92: =IF(C92=$Q$8,P92+Q91,0+Q91) -> 100 | R92: =IF(C92=$R$8,P92+R91,0+R91) -> 0
A93: 45833 | B93: Amy McGarva | L93: 20 | N93: 150 | P93: =SUM(F93:O93) -> 170 | Q93: =IF(C93=$Q$8,P93+Q92,0+Q92) -> 100 | R93: =IF(C93=$R$8,P93+R92,0+R92) -> 0
A94: 45866 | B94: refund cancel IOW Trip | L94: 800 | P94: =SUM(F94:O94) -> 800 | Q94: =IF(C94=$Q$8,P94+Q93,0+Q93) -> 100 | R94: =IF(C94=$R$8,P94+R93,0+R93) -> 0
A95: 45873 | B95: Isla Maxwwell | F95: 30 | P95: =SUM(F95:O95) -> 30 | Q95: =IF(C95=$Q$8,P95+Q94,0+Q94) -> 100 | R95: =IF(C95=$R$8,P95+R94,0+R94) -> 0
B96: Kirsten Roberts | F96: 30 | G96: 2000 | L96: 1000 | N96: 2996.92 | P96: =SUM(F96:O96) -> 6026.92 | Q96: =IF(C96=$Q$8,P96+Q95,0+Q95) -> 100 | R96: =IF(C96=$R$8,P96+R95,0+R95) -> 0
F97: =SUM(F10:F96) -> 693 | G97: =SUM(G10:G96) -> 2675.5 | H97: =SUM(H10:H96) -> 1428.96 | I97: =SUM(I10:I96) -> 95.12 | J97: =SUM(J10:J96) -> 0 | K97: =SUM(K10:K96) -> 49.22 | L97: =SUM(L10:L96) -> 1905 | M97: =SUM(M10:M96) -> 0 | ... P97: =SUM(P10:P96) -> 13107.72

Sheet EXPENDITURE (Payments)
A1: EXPENDITURE (Payments)
P3: Bank | Q3: =SUMIF($C$9:$C$58,P3,$Q$9:$Q$58) -> 0
A4: Unit: | B4: =IF('DATA INPUT'!C7>0,'DATA INPUT'!C7," ") -> 1st Stewartry Rangers | P4: Cash | Q4: =SUMIF($C$9:$C$58,P4,$Q$9:$Q$58) -> 0
A5: Charity number: | B5: =IF('DATA INPUT'!C9>0,'DATA INPUT'!C9," ") -> SC051769 | K5: See instructions | Q5: =SUM(Q3:Q4) -> 0
A6: Year end date: | B6: =IF('DATA INPUT'!C11>0,'DATA INPUT'!C11," ") -> 31.12.2025 | C6: This is drop down | R6: Running total
A7: Date | B7: Payee | C7: Bank / Cash | D7: Method | E7: Reference | F7: Unit fundraising | G7: 3rd Party Fundraising | H7: Subscriptions | I7: Meeting expenses | J7: Property costs / rent | K7: Trips | L7: Residential events | M7: Admin, stationery / postage | N7: Training | O7: Badges & resources | P7: Miscellaneous expenditure | Q7: TOTAL | R7: Bank | S7: Cash
F8: =SUM(F9:F185) -> 0 | G8: =SUM(G9:G185) -> 0 | H8: =SUM(H9:H185) -> 0 | I8: =SUM(I9:I185) -> 2477.85 | J8: =SUM(J9:J185) -> 335 | K8: =SUM(K9:K185) -> 3595.6 | L8: =SUM(L9:L185) -> 5670.25 | M8: =SUM(M9:M185) -> 49.22 | ... P8: =SUM(P9:P185) -> 637.97 | Q8: =SUM(F8:P8) -> 14106.17
A9: 45666 | B9: Longstone camp | K9: 1000 | Q9: =SUM(F9:P9) -> 1000 | R9: =IF(C9=$R$7,Q9,0) -> 0 | S9: =IF(C9=$S$7,Q9,0) -> 0
A10: 45663 | B10: unsure | P10: 67 | Q10: =SUM(F10:P10) -> 67 | R10: =IF(C10=$R$7,Q10+R9,0+R9) -> 0 | S10: =IF(C10=$S$7,Q10+S9,0+S9) -> 0
A11: 45670 | B11: Amazon | I11: 19.29 | Q11: =SUM(F11:P11) -> 19.29 | R11: =IF(C11=$R$7,Q11+R10,0+R10) -> 0 | S11: =IF(C11=$S$7,Q11+S10,0+S10) -> 0
B12: rail card | K12: 30 | Q12: =SUM(F12:P12) -> 30 | R12: =IF(C12=$R$7,Q12+R11,0+R11) -> 0 | S12: =IF(C12=$S$7,Q12+S11,0+S11) -> 0
B13: GG Shop | O13: 50 | Q13: =SUM(F13:P13) -> 50 | R13: =IF(C13=$R$7,Q13+R12,0+R12) -> 0 | S13: =IF(C13=$S$7,Q13+S12,0+S12) -> 0
B14: ebay | P14: 260 | Q14: =SUM(F14:P14) -> 260 | R14: =IF(C14=$R$7,Q14+R13,0+R13) -> 0 | S14: =IF(C14=$S$7,Q14+S13,0+S13) -> 0
A15: 45672 | B15: Tesco | I15: 13.27 | Q15: =SUM(F15:P15) -> 13.27 | R15: =IF(C15=$R$7,Q15+R14,0+R14) -> 0 | S15: =IF(C15=$S$7,Q15+S14,0+S14) -> 0
A16: 45680 | B16: CC Rent | J16: 135 | Q16: =SUM(F16:P16) -> 135 | R16: =IF(C16=$R$7,Q16+R15,0+R15) -> 0 | S16: =IF(C16=$S$7,Q16+S15,0+S15) -> 0
A17: 45681 | B17: WAGGS | O17: 23.1 | Q17: =SUM(F17:P17) -> 23.1 | R17: =IF(C17=$R$7,Q17+R16,0+R16) -> 0 | S17: =IF(C17=$S$7,Q17+S16,0+S16) -> 0
A18: 45684 | B18: GG Shop | I18: 58.24 | Q18: =SUM(F18:P18) -> 58.24 | R18: =IF(C18=$R$7,Q18+R17,0+R17) -> 0 | S18: =IF(C18=$S$7,Q18+S17,0+S17) -> 0
A19: 45685 | B19: Sainsburys | I19: 8.97 | Q19: =SUM(F19:P19) -> 8.97 | R19: =IF(C19=$R$7,Q19+R18,0+R18) -> 0 | S19: =IF(C19=$S$7,Q19+S18,0+S18) -> 0
A20: 45691 | B20: Tesco | I20: 7.6 | Q20: =SUM(F20:P20) -> 7.6 | R20: =IF(C20=$R$7,Q20+R19,0+R19) -> 0 | S20: =IF(C20=$S$7,Q20+S19,0+S19) -> 0
A21: 45693 | B21: Ballet Tickets | K21: 465.5 | Q21: =SUM(F21:P21) -> 465.5 | R21: =IF(C21=$R$7,Q21+R20,0+R20) -> 0 | S21: =IF(C21=$S$7,Q21+S20,0+S20) -> 0
A22: 45698 | B22: GG Shop | O22: 2.99 | Q22: =SUM(F22:P22) -> 2.99 | R22: =IF(C22=$R$7,Q22+R21,0+R21) -> 0 | S22: =IF(C22=$S$7,Q22+S21,0+S21) -> 0
B23: tesco | I23: 14.7 | Q23: =SUM(F23:P23) -> 14.7 | R23: =IF(C23=$R$7,Q23+R22,0+R22) -> 0 | S23: =IF(C23=$S$7,Q23+S22,0+S22) -> 0
A24: 45699 | B24: Coop | I24: 13.6 | Q24: =SUM(F24:P24) -> 13.6 | R24: =IF(C24=$R$7,Q24+R23,0+R23) -> 0 | S24: =IF(C24=$S$7,Q24+S23,0+S23) -> 0
A25: 45706 | B25: Marmalade Competition | P25: 10 | Q25: =SUM(F25:P25) -> 10 | R25: =IF(C25=$R$7,Q25+R24,0+R24) -> 0 | S25: =IF(C25=$S$7,Q25+S24,0+S24) -> 0
A26: 45707 | B26: Ballet Tickets | K26: 858.5 | Q26: =SUM(F26:P26) -> 858.5 | R26: =IF(C26=$R$7,Q26+R25,0+R25) -> 0 | S26: =IF(C26=$S$7,Q26+S25,0+S25) -> 0
A27: 45708 | B27: Sainsburys | I27: 24.5 | Q27: =SUM(F27:P27) -> 24.5 | R27: =IF(C27=$R$7,Q27+R26,0+R26) -> 0 | S27: =IF(C27=$S$7,Q27+S26,0+S26) -> 0
A28: 45712 | B28: tesco | I28: 9.8 | Q28: =SUM(F28:P28) -> 9.8 | R28: =IF(C28=$R$7,Q28+R27,0+R27) -> 0 | S28: =IF(C28=$S$7,Q28+S27,0+S27) -> 0
B29: Amazon | I29: 15.99 | Q29: =SUM(F29:P29) -> 15.99 | R29: =IF(C29=$R$7,Q29+R28,0+R28) -> 0 | S29: =IF(C29=$S$7,Q29+S28,0+S28) -> 0
B30: Item 22 | I30: 17.98 | Q30: =SUM(F30:P30) -> 17.98 | R30: =IF(C30=$R$7,Q30+R29,0+R29) -> 0 | S30: =IF(C30=$S$7,Q30+S29,0+S29) -> 0
A31: 45712 | B31: GG Shop | O31: 36.39 | Q31: =SUM(F31:P31) -> 36.39 | R31: =IF(C31=$R$7,Q31+R30,0+R30) -> 0 | S31: =IF(C31=$S$7,Q31+S30,0+S30) -> 0
A32: 45715 | B32: Dof E Reimbursment | K32: 28 | Q32: =SUM(F32:P32) -> 28 | R32: =IF(C32=$R$7,Q32+R31,0+R31) -> 0 | S32: =IF(C32=$S$7,Q32+S31,0+S31) -> 0
A33: 45716 | B33: Dof E Reimbursment | K33: 28 | Q33: =SUM(F33:P33) -> 28 | R33: =IF(C33=$R$7,Q33+R32,0+R32) -> 0 | S33: =IF(C33=$S$7,Q33+S32,0+S32) -> 0
A34: 45719 | B34: Cancer Research Charity Donation | P34: 10.97 | Q34: =SUM(F34:P34) -> 10.97 | R34: =IF(C34=$R$7,Q34+R33,0+R33) -> 0 | S34: =IF(C34=$S$7,Q34+S33,0+S33) -> 0
B35: GG Shop | O35: 20.99 | Q35: =SUM(F35:P35) -> 20.99 | R35: =IF(C35=$R$7,Q35+R34,0+R34) -> 0 | S35: =IF(C35=$S$7,Q35+S34,0+S34) -> 0
B36: Cash | P36: 20 | Q36: =SUM(F36:P36) -> 20 | R36: =IF(C36=$R$7,Q36+R35,0+R35) -> 0 | S36: =IF(C36=$S$7,Q36+S35,0+S35) -> 0
A37: 45720 | B37: switzerland trip contribution | L37: 150 | Q37: =SUM(F37:P37) -> 150 | R37: =IF(C37=$R$7,Q37+R36,0+R36) -> 0 | S37: =IF(C37=$S$7,Q37+S36,0+S36) -> 0
A38: 45721 | B38: Glentrool Hive | L38: 450 | Q38: =SUM(F38:P38) -> 450 | R38: =IF(C38=$R$7,Q38+R37,0+R37) -> 0 | S38: =IF(C38=$S$7,Q38+S37,0+S37) -> 0
A39: 45726 | B39: Amazon | I39: 18.73 | Q39: =SUM(F39:P39) -> 18.73 | R39: =IF(C39=$R$7,Q39+R38,0+R38) -> 0 | S39: =IF(C39=$S$7,Q39+S38,0+S38) -> 0
A40: 45727 | B40: Hobbycraft | I40: 68.05 | Q40: =SUM(F40:P40) -> 68.05 | R40: =IF(C40=$R$7,Q40+R39,0+R39) -> 0 | S40: =IF(C40=$S$7,Q40+S39,0+S39) -> 0
A41: 45729 | B41: Dof E Reimbursment | K41: 56 | Q41: =SUM(F41:P41) -> 56 | R41: =IF(C41=$R$7,Q41+R40,0+R40) -> 0 | S41: =IF(C41=$S$7,Q41+S40,0+S40) -> 0
A42: 45730 | B42: cash | P42: 90 | Q42: =SUM(F42:P42) -> 90 | R42: =IF(C42=$R$7,Q42+R41,0+R41) -> 0 | S42: =IF(C42=$S$7,Q42+S41,0+S41) -> 0
A43: 45733 | B43: tesco | I43: 7.5 | Q43: =SUM(F43:P43) -> 7.5 | R43: =IF(C43=$R$7,Q43+R42,0+R42) -> 0 | S43: =IF(C43=$S$7,Q43+S42,0+S42) -> 0
B44: cash | P44: 130 | Q44: =SUM(F44:P44) -> 130 | R44: =IF(C44=$R$7,Q44+R43,0+R43) -> 0 | S44: =IF(C44=$S$7,Q44+S43,0+S43) -> 0
A45: 45736 | B45: tesco | I45: 10 | Q45: =SUM(F45:P45) -> 10 | R45: =IF(C45=$R$7,Q45+R44,0+R44) -> 0 | S45: =IF(C45=$S$7,Q45+S44,0+S44) -> 0
A46: 45740 | B46: st johns ambulance 1st aid | N46: 19.74 | Q46: =SUM(F46:P46) -> 19.74 | R46: =IF(C46=$R$7,Q46+R45,0+R45) -> 0 | S46: =IF(C46=$S$7,Q46+S45,0+S45) -> 0
A47: 45742 | B47: Tesco | I47: 20.73 | Q47: =SUM(F47:P47) -> 20.73 | R47: =IF(C47=$R$7,Q47+R46,0+R46) -> 0 | S47: =IF(C47=$S$7,Q47+S46,0+S46) -> 0
A48: 45743 | B48: Coop | I48: 47.52 | Q48: =SUM(F48:P48) -> 47.52 | R48: =IF(C48=$R$7,Q48+R47,0+R47) -> 0 | S48: =IF(C48=$S$7,Q48+S47,0+S47) -> 0
A49: 45744 | B49: Sainsburys | I49: 13.6 | Q49: =SUM(F49:P49) -> 13.6 | R49: =IF(C49=$R$7,Q49+R48,0+R48) -> 0 | S49: =IF(C49=$S$7,Q49+S48,0+S48) -> 0
B50: Sainsburys | I50: 81.63 | Q50: =SUM(F50:P50) -> 81.63 | R50: =IF(C50=$R$7,Q50+R49,0+R49) -> 0 | S50: =IF(C50=$S$7,Q50+S49,0+S49) -> 0
B51: aldi | I51: 143.02 | Q51: =SUM(F51:P51) -> 143.02 | R51: =IF(C51=$R$7,Q51+R50,0+R50) -> 0 | S51: =IF(C51=$S$7,Q51+S50,0+S50) -> 0
A52: 45748 | B52: train tickets | L52: 310.75 | Q52: =SUM(F52:P52) -> 310.75 | R52: =IF(C52=$R$7,Q52+R51,0+R51) -> 0 | S52: =IF(C52=$S$7,Q52+S51,0+S51) -> 0
A53: 45755 | B53: India Contribution | L53: 150 | Q53: =SUM(F53:P53) -> 150 | R53: =IF(C53=$R$7,Q53+R52,0+R52) -> 0 | S53: =IF(C53=$S$7,Q53+S52,0+S52) -> 0
B54: Minibus hire | L54: 200 | Q54: =SUM(F54:P54) -> 200 | R54: =IF(C54=$R$7,Q54+R53,0+R53) -> 0 | S54: =IF(C54=$S$7,Q54+S53,0+S53) -> 0
B55: community transport | L55: 480 | Q55: =SUM(F55:P55) -> 480 | R55: =IF(C55=$R$7,Q55+R54,0+R54) -> 0 | S55: =IF(C55=$S$7,Q55+S54,0+S54) -> 0
B56: Dof E trip | L56: 343.5 | Q56: =SUM(F56:P56) -> 343.5 | R56: =IF(C56=$R$7,Q56+R55,0+R55) -> 0 | S56: =IF(C56=$S$7,Q56+S55,0+S55) -> 0
A57: 45761 | B57: Neckers | O57: 219 | Q57: =SUM(F57:P57) -> 219 | R57: =IF(C57=$R$7,Q57+R56,0+R56) -> 0 | S57: =IF(C57=$S$7,Q57+S56,0+S56) -> 0
A58: 45762 | B58: Amazon | I58: 23.95 | Q58: =SUM(F58:P58) -> 23.95 | R58: =IF(C58=$R$7,Q58+R57,0+R57) -> 0 | S58: =IF(C58=$S$7,Q58+S57,0+S57) -> 0
A59: 45769 | B59: Tesco | I59: 18.68 | Q59: =SUM(F59:P59) -> 18.68 | R59: =IF(C59=$R$7,Q59+R58,0+R58) -> 0 | S59: =IF(C59=$S$7,Q59+S58,0+S58) -> 0
B60: Vistaprint | O60: 59.31 | Q60: =SUM(F60:P60) -> 59.31 | R60: =IF(C60=$R$7,Q60+R59,0+R59) -> 0 | S60: =IF(C60=$S$7,Q60+S59,0+S59) -> 0
B61: Amazon | I61: 83.97 | Q61: =SUM(F61:P61) -> 83.97 | R61: =IF(C61=$R$7,Q61+R60,0+R60) -> 0 | S61: =IF(C61=$S$7,Q61+S60,0+S60) -> 0
B62: IOS trip | L62: 387 | Q62: =SUM(F62:P62) -> 387 | R62: =IF(C62=$R$7,Q62+R61,0+R61) -> 0 | S62: =IF(C62=$S$7,Q62+S61,0+S61) -> 0
A63: 45775 | B63: Tesco | I63: 29.19 | Q63: =SUM(F63:P63) -> 29.19 | R63: =IF(C63=$R$7,Q63+R62,0+R62) -> 0 | S63: =IF(C63=$S$7,Q63+S62,0+S62) -> 0
B64: Ernspie celebration teas | K64: 304 | Q64: =SUM(F64:P64) -> 304 | R64: =IF(C64=$R$7,Q64+R63,0+R63) -> 0 | S64: =IF(C64=$S$7,Q64+S63,0+S63) -> 0
A65: 45778 | B65: cash | P65: 40 | Q65: =SUM(F65:P65) -> 40 | R65: =IF(C65=$R$7,Q65+R64,0+R64) -> 0 | S65: =IF(C65=$S$7,Q65+S64,0+S64) -> 0
A66: 45784 | B66: coop | I66: 11.57 | Q66: =SUM(F66:P66) -> 11.57 | R66: =IF(C66=$R$7,Q66+R65,0+R65) -> 0 | S66: =IF(C66=$S$7,Q66+S65,0+S65) -> 0
A67: 45789 | B67: tesco | I67: 3 | Q67: =SUM(F67:P67) -> 3 | R67: =IF(C67=$R$7,Q67+R66,0+R66) -> 0 | S67: =IF(C67=$S$7,Q67+S66,0+S66) -> 0
B68: rent | J68: 200 | Q68: =SUM(F68:P68) -> 200 | R68: =IF(C68=$R$7,Q68+R67,0+R67) -> 0 | S68: =IF(C68=$S$7,Q68+S67,0+S67) -> 0
A69: 45791 | B69: big gig in london | L69: 199 | Q69: =SUM(F69:P69) -> 199 | R69: =IF(C69=$R$7,Q69+R68,0+R68) -> 0 | S69: =IF(C69=$S$7,Q69+S68,0+S68) -> 0
A70: 45796 | B70: Amazon | I70: 5.99 | Q70: =SUM(F70:P70) -> 5.99 | R70: =IF(C70=$R$7,Q70+R69,0+R69) -> 0 | S70: =IF(C70=$S$7,Q70+S69,0+S69) -> 0
A71: 45799 | B71: Moores fish and chips | I71: 23.7 | Q71: =SUM(F71:P71) -> 23.7 | R71: =IF(C71=$R$7,Q71+R70,0+R70) -> 0 | S71: =IF(C71=$S$7,Q71+S70,0+S70) -> 0
A72: 45804 | B72: Aldi | I72: 19.26 | Q72: =SUM(F72:P72) -> 19.26 | R72: =IF(C72=$R$7,Q72+R71,0+R71) -> 0 | S72: =IF(C72=$S$7,Q72+S71,0+S71) -> 0
B73: tesco | I73: 26.12 | Q73: =SUM(F73:P73) -> 26.12 | R73: =IF(C73=$R$7,Q73+R72,0+R72) -> 0 | S73: =IF(C73=$S$7,Q73+S72,0+S72) -> 0
B74: creebridge services | I74: 43.69 | Q74: =SUM(F74:P74) -> 43.69 | R74: =IF(C74=$R$7,Q74+R73,0+R73) -> 0 | S74: =IF(C74=$S$7,Q74+S73,0+S73) -> 0
A75: 45859 | B75: Royal mail | M75: 49.22 | Q75: =SUM(F75:P75) -> 49.22 | R75: =IF(C75=$R$7,Q75+R74,0+R74) -> 0 | S75: =IF(C75=$S$7,Q75+S74,0+S74) -> 0
A76: 45861 | B76: GG Shop | O76: 95.99 | Q76: =SUM(F76:P76) -> 95.99 | R76: =IF(C76=$R$7,Q76+R75,0+R75) -> 0 | S76: =IF(C76=$S$7,Q76+S75,0+S75) -> 0
A77: 45811 | B77: train tickets | K77: 220.6 | Q77: =SUM(F77:P77) -> 220.6 | R77: =IF(C77=$R$7,Q77+R76,0+R76) -> 0 | S77: =IF(C77=$S$7,Q77+S76,0+S76) -> 0
A78: 45824 | B78: unicef donation | P78: 10 | Q78: =SUM(F78:P78) -> 10 | R78: =IF(C78=$R$7,Q78+R77,0+R77) -> 0 | S78: =IF(C78=$S$7,Q78+S77,0+S77) -> 0
A79: 45824 | B79: GG Shop | I79: 32.29 | Q79: =SUM(F79:P79) -> 32.29 | R79: =IF(C79=$R$7,Q79+R78,0+R78) -> 0 | S79: =IF(C79=$S$7,Q79+S78,0+S78) -> 0
A80: 45825 | B80: poundstretcher | I80: 9.48 | Q80: =SUM(F80:P80) -> 9.48 | R80: =IF(C80=$R$7,Q80+R79,0+R79) -> 0 | S80: =IF(C80=$S$7,Q80+S79,0+S79) -> 0
A81: 45826 | B81: GG Shop | I81: 12.24 | Q81: =SUM(F81:P81) -> 12.24 | R81: =IF(C81=$R$7,Q81+R80,0+R80) -> 0 | S81: =IF(C81=$S$7,Q81+S80,0+S80) -> 0
B82: cash withdrawl | I82: 20 | Q82: =SUM(F82:P82) -> 20 | R82: =IF(C82=$R$7,Q82+R81,0+R81) -> 0 | S82: =IF(C82=$S$7,Q82+S81,0+S81) -> 0
A83: 45831 | B83: lush | K83: 55 | Q83: =SUM(F83:P83) -> 55 | R83: =IF(C83=$R$7,Q83+R82,0+R82) -> 0 | S83: =IF(C83=$S$7,Q83+S82,0+S82) -> 0
A84: 45873 | B84: refund canx trip | K84: 550 | Q84: =SUM(F84:P84) -> 550 | R84: =IF(C84=$R$7,Q84+R83,0+R83) -> 0 | S84: =IF(C84=$S$7,Q84+S83,0+S83) -> 0
A85: aug to dec | B85: various | I85: 1500 | L85: 3000 | O85: 812.77 | Q85: =SUM(F85:P85) -> 5312.77 | R85: =IF(C85=$R$7,Q85+R84,0+R84) -> 0 | S85: =IF(C85=$S$7,Q85+S84,0+S84) -> 0
Q86: =SUM(F86:P86) -> 0 | R86: =IF(C86=$R$7,Q86+R85,0+R85) -> 0 | S86: =IF(C86=$S$7,Q86+S85,0+S85) -> 0
Q87: =SUM(F87:P87) -> 0 | R87: =IF(C87=$R$7,Q87+R86,0+R86) -> 0 | S87: =IF(C87=$S$7,Q87+S86,0+S86) -> 0
Q88: =SUM(F88:P88) -> 0 | R88: =IF(C88=$R$7,Q88+R87,0+R87) -> 0 | S88: =IF(C88=$S$7,Q88+S87,0+S87) -> 0
Q89: =SUM(F89:P89) -> 0 | R89: =IF(C89=$R$7,Q89+R88,0+R88) -> 0 | S89: =IF(C89=$S$7,Q89+S88,0+S88) -> 0
Q90: =SUM(F90:P90) -> 0 | R90: =IF(C90=$R$7,Q90+R89,0+R89) -> 0 | S90: =IF(C90=$S$7,Q90+S89,0+S89) -> 0
Q91: =SUM(F91:P91) -> 0 | R91: =IF(C91=$R$7,Q91+R90,0+R90) -> 0 | S91: =IF(C91=$S$7,Q91+S90,0+S90) -> 0
Q92: =SUM(F92:P92) -> 0 | R92: =IF(C92=$R$7,Q92+R91,0+R91) -> 0 | S92: =IF(C92=$S$7,Q92+S91,0+S91) -> 0
Q93: =SUM(F93:P93) -> 0 | R93: =IF(C93=$R$7,Q93+R92,0+R92) -> 0 | S93: =IF(C93=$S$7,Q93+S92,0+S92) -> 0
Q94: =SUM(F94:P94) -> 0 | R94: =IF(C94=$R$7,Q94+R93,0+R93) -> 0 | S94: =IF(C94=$S$7,Q94+S93,0+S93) -> 0
Q95: =SUM(F95:P95) -> 0 | R95: =IF(C95=$R$7,Q95+R94,0+R94) -> 0 | S95: =IF(C95=$S$7,Q95+S94,0+S94) -> 0
Q96: =SUM(F96:P96) -> 0 | R96: =IF(C96=$R$7,Q96+R95,0+R95) -> 0 | S96: =IF(C96=$S$7,Q96+S95,0+S95) -> 0
Q97: =SUM(F97:P97) -> 0 | R97: =IF(C97=$R$7,Q97+R96,0+R96) -> 0 | S97: =IF(C97=$S$7,Q97+S96,0+S96) -> 0
... Q210: =SUM(F210:P210) -> 0 | R210: =IF(C210=$R$7,Q210+R209,0+R209) -> 0 | S210: =IF(C210=$S$7,Q210+S209,0+S209) -> 0
F211: =SUM(F9:F185) -> 0 | G211: =SUM(G9:G185) -> 0 | H211: =SUM(H9:H185) -> 0 | J211: =SUM(J9:J185) -> 335 | K211: =SUM(K9:K185) -> 3595.6 | L211: =SUM(L9:L185) -> 5670.25 | M211: =SUM(M9:M185) -> 49.22 | N211: =SUM(N9:N185) -> 19.74 | O211: =SUM(O9:O185) -> 1320.54 | P211: =SUM(P9:P185) -> 637.97 | Q211: =SUM(Q9:Q185) -> 14106.17

Sheet Paying into bank
A1: Paying in or withdrawing money from the bank | G1: FROM (£) | H1: TO (£)
F2: Bank | G2: =SUM(D15:D34) -> 0 | H2: =G3 -> 0
A3: Unit: | B3: =IF('DATA INPUT'!C7>0,'DATA INPUT'!C7," ") -> 1st Stewartry Rangers | F3: Cash | G3: =SUM(H15:H34) -> 0 | H3: =G2 -> 0
A4: Charity number: | B4: =IF('DATA INPUT'!C9>0,'DATA INPUT'!C9," ") -> SC051769 | G4: =SUM(G2:G3) -> 0 | H4: =SUM(H2:H3) -> 0
A5: Year end date: | B5: =IF('DATA INPUT'!C11>0,'DATA INPUT'!C11," ") -> 31.12.2025
A7: This page to be used when either:
A8: Paying cash into the bank
A9: Withdrawing money from the bank to be spent out as cash
A11: Paying cash into the bank | F11: Withdrawing cash from the bank
A14: Date | B14: Pay-in slip reference | C14: Details | D14: Amount (£) | F14: Date | G14: Details | H14: Amount (£)

Sheet Receipts and payments account
A1: Receipts and Payments Account
A3: For the Year ended | B3: =IF('DATA INPUT'!C11>0,'DATA INPUT'!C11," ") -> 31.12.2025 | H3: Manual input required (if applicable)
A4: Unit name | B4: =IF('DATA INPUT'!C7>0,'DATA INPUT'!C7," ") -> 1st Stewartry Rangers
A5: Charity Number | B5: =IF('DATA INPUT'!C9>0,'DATA INPUT'!C9," ") -> SC051769
B7: ='DATA INPUT'!C15 -> 2026 | D7: ='DATA INPUT'!C16 -> 2025
A8: Receipts
A9: Membership Subscriptions | B9: ='INCOME (Receipts)'!F9 -> 693 | D9: 696
A10: Donations received | B10: ='INCOME (Receipts)'!G9 -> 2675.5 | D10: 300
A11: Unit Fundraising | B11: ='INCOME (Receipts)'!H9 -> 1428.96 | D11: 3856.01
A12: 3rd Party Fundraising | B12: ='INCOME (Receipts)'!I9 -> 95.12 | F12: See notes on "Instructions" tab
A13: Bank Interest | B13: ='INCOME (Receipts)'!J9 -> 0 | D13: 71.69
A14: Gift Aid | B14: ='INCOME (Receipts)'!K9 -> 49.22 | D14: 4493
A15: Trips | B15: ='INCOME (Receipts)'!L9 -> 1905 | D15: 5042
A16: Grants received | B16: ='INCOME (Receipts)'!M9 -> 0 | D16: 12287.44
A17: Residential events | B17: ='INCOME (Receipts)'!N9 -> 6260.92
A18: Miscellaneous Income | B18: ='INCOME (Receipts)'!O9 -> 0 | D18: 3300.98
A19: Total Receipts | B19: =SUM(B9:B18) -> 13107.72 | D19: =SUM(D9:D18) -> 30047.12
A21: Payments
A22: Fundraising expenses
A23: Unit fundraising | B23: ='EXPENDITURE (Payments)'!F8 -> 0
A24: 3rd Party Fundraising/Donation | B24: ='EXPENDITURE (Payments)'!G8 -> 0 | F24: See notes on "Instructions" tab
A26: Payments for charitable activities
A27: Subscriptions | B27: ='EXPENDITURE (Payments)'!H8 -> 0 | D27: 1328
A28: Meeting expenses | B28: ='EXPENDITURE (Payments)'!I8 -> 2477.85 | D28: 3907.53
A29: Property costs/rent | B29: ='EXPENDITURE (Payments)'!J8 -> 335 | D29: 375
A30: Trips | B30: ='EXPENDITURE (Payments)'!K8 -> 3595.6 | D30: 17946.97
A31: Residential events | B31: ='EXPENDITURE (Payments)'!L8 -> 5670.25
A32: Admin/Postage & Stationery | B32: ='EXPENDITURE (Payments)'!M8 -> 49.22 | D32: 201.37
A33: Training | B33: ='EXPENDITURE (Payments)'!N8 -> 19.74
A34: Badges & Resources | B34: ='EXPENDITURE (Payments)'!O8 -> 1320.54 | D34: 809.06
A35: Miscellaneous Expenditure | B35: ='EXPENDITURE (Payments)'!P8 -> 637.97 | D35: 3300.98
A36: Total Payments | B36: =SUM(B23:B35) -> 14106.17 | D36: =SUM(D23:D35) -> 27868.91
A38: Surplus/(Deficit) for year | B38: =SUM(B19-B36) -> -998.45 | D38: =SUM(D19-D36) -> 2178.21

Sheet Statement of balances
A1: Statement of balances | G1: Manual input required (if applicable)
A3: For the year ended | B3: =IF('DATA INPUT'!C11>0,'DATA INPUT'!C11," ") -> 31.12.2025
A4: Unit Name | B4: =IF('DATA INPUT'!C7>0,'DATA INPUT'!C7," ") -> 1st Stewartry Rangers
A5: Charity Number | B5: =IF('DATA INPUT'!C9>0,'DATA INPUT'!C9," ") -> SC051769
B7: ='DATA INPUT'!C15 -> 2026 | D7: ='DATA INPUT'!C16 -> 2025
A8: Opening Balances
A9: Cash | B9: =IF('DATA INPUT'!C12="N",'Statement of balances'!D17,0) -> 0 | D9: 0
A10: Bank | B10: =IF('DATA INPUT'!C12="N",'Statement of balances'!D18,0) -> 3978.07 | D10: 2345.35
A12: Surplus/(Deficit) for year | B12: ='Receipts and payments account'!B38 -> -998.45 | D12: ='Receipts and payments account'!D38 -> 2178.21
A13: Total | B13: =SUM(B9+B10+B12) -> 2979.62 | D13: =SUM(D9+D10+D12) -> 4523.56
A16: Closing Balances
A17: Cash | B17: =B9+'INCOME (Receipts)'!P3-'EXPENDITURE (Payments)'!Q4+'Paying into bank'!H3-'Paying into bank'!G3 -> 0 | D17: 0
A18: Bank | B18: =B10+'INCOME (Receipts)'!P2-'EXPENDITURE (Payments)'!Q3+'Paying into bank'!H2-'Paying into bank'!G2 -> 4078.07 | D18: 3978.07
A19: less outstanding cheques | B19: 0 | D19: 0
A20: Total | B20: =SUM(B17+B18-B19) -> 4078.07 | D20: =SUM(D17+D18-D19) -> 3978.07
A22: Assets & Liabilities:
A23: In addition to the above cash & bank balances, the unit has equipment to the value of: | D23: 0
A25: Prepared by (signature): | B25: =IF(B27>0,B27," ") -> Rebecca Vasey
B27: =IF('DATA INPUT'!C49>0,'DATA INPUT'!C49," ") -> Rebecca Vasey | D27: =IF('DATA INPUT'!C51>0,'DATA INPUT'!C51," ") -> Treasurer
A29: Date: | B29: =IF('DATA INPUT'!C48>0,'DATA INPUT'!C48," ") -> 46243

Sheet Trustees annual report
A1: Trustees' Annual Report
A3: For year ended | B3: =IF('DATA INPUT'!C11>0,'DATA INPUT'!C11," ") -> 31.12.2025
A5: Charity (Unit) Name | B5: =IF('DATA INPUT'!C7>0,'DATA INPUT'!C7," ") -> 1st Stewartry Rangers
A7: Charity Number | B7: =IF('DATA INPUT'!C9>0,'DATA INPUT'!C9," ") -> SC051769
A9: District | B9: =IF('DATA INPUT'!C18>0,'DATA INPUT'!C18," ") -> Stewartry District
A10: Division | B10: =IF('DATA INPUT'!C20>0,'DATA INPUT'!C20," ") -> Dumfries and Galloway, Scotlans
A12: Charity Trustees | B12: =IF('DATA INPUT'!B23=0," ",'DATA INPUT'!B23) -> Rebecca Vasey | C12: =IF('DATA INPUT'!C23=0," ",'DATA INPUT'!C23) -> Leader
B13: =IF('DATA INPUT'!B24=0," ",'DATA INPUT'!B24) -> Laura Dickie | C13: =IF('DATA INPUT'!C24=0," ",'DATA INPUT'!C24) -> Leader
B14: =IF('DATA INPUT'!B25=0," ",'DATA INPUT'!B25) -> Jane Banks | C14: =IF('DATA INPUT'!C25=0," ",'DATA INPUT'!C25) -> Leader
B15: =IF('DATA INPUT'!B26=0," ",'DATA INPUT'!B26) | C15: =IF('DATA INPUT'!C26=0," ",'DATA INPUT'!C26)
B16: =IF('DATA INPUT'!B27=0," ",'DATA INPUT'!B27) | C16: =IF('DATA INPUT'!C27=0," ",'DATA INPUT'!C27)
A18: Charity Address | B18: =IF('DATA INPUT'!C29>0,'DATA INPUT'!C29," ")
B19: =IF('DATA INPUT'!C30>0,'DATA INPUT'!C30," ")
B20: =IF('DATA INPUT'!C31>0,'DATA INPUT'!C31," ")
B21: =IF('DATA INPUT'!C32>0,'DATA INPUT'!C32," ")
A24: The above charity (unit) is an unincorporated association. It has no written constitution, but operates in accordance with the policies and procedures published by Girlguiding, the operating name of the Guide Association.
A26: Its trustees are the volunteer adult leaders trained and appointed as per the Girlguiding policies and procedures. Updated training is available throughout the year.
A28: ="The charity's aim is to deliver a programme of informal education in accordance with the ethos and principles of Girlguiding. During the above period the charity provided this programme to "&'DATA INPUT'!C41 &" girls." -> The charity's aim is to deliver a programme of informal education in accordance with the ethos and principles of Girlguiding. During the above period the charity provided this programme to 20 girls.
A30: =IF('DATA INPUT'!C43="yes",'DATA INPUT'!A46," ")
A32: During the year the trustees did not receive any remuneration.
A34: Signed on behalf of the trustees by
A36: =IF(B41>0,B41," ") -> Rebecca Vasey
A37: ____________________________ | E37: =IF('DATA INPUT'!C48>0,'DATA INPUT'!C48," ") -> 46243
A38: Signature | E38: Date:
A41: Name: | B41: =IF('DATA INPUT'!C49>0,'DATA INPUT'!C49," ") -> Rebecca Vasey

Sheet Independent examiner's report
A1: Independent examiner's report
A2: For the year ended | C2: =IF('DATA INPUT'!C11>0,'DATA INPUT'!C11," ") -> 31.12.2025
A3: For | C3: =IF('DATA INPUT'!C7>0,'DATA INPUT'!C7," ") -> 1st Stewartry Rangers
A4: Charity number | C4: =IF('DATA INPUT'!C9>0,'DATA INPUT'!C9," ") -> SC051769
A6: Respective responsibilities of trustees and examiner
A7: The charity’s trustees are responsible for the preparation of the accounts in accordance with the terms of the Charities and Trustee Investment (Scotland) 2005 Act and the Charities Accounts (Scotland) Regulations 2006. The charity trustees consider that the audit requirement of Regulation 10(1) (a) to (c) of the Accounts Regulations does not apply. It is my responsibility to examine the accounts as required under section 44(1) (c) of the Act and to state whether particular matters have come to my attention.
A9: Basis of Independent Examiners Statement
A10: My examination is carried out in accordance with Regulation 11 of the Charities Accounts (Scotland) Regulations 2006. An examination includes a review of the accounting records kept by the charity and a comparison of the accounts presented with those records. It also includes consideration of any unusual items or disclosures in the accounts and seeks explanations from the trustees concerning any such matters. The procedures undertaken do not provide all the evidence that would be required in an audit and, consequently, I do not express an audit opinion on the accounts.
A12: Independent Examiners Statement
A13: In the course of my examination, no matter has come to my attention
A15: 1 | B15: which gives me reasonable cause to believe that in any material respect the requirements:
A16: • | B16: to keep accounting records in accordance with section 44(1) (a) of the 2005 Act and Regulation 4 of the 2006 Accounts Regulations, and
A17: • | B17: to prepare accounts which accord with the accounting records and comply with Regulation 9 of the 2006 Accounts Regulations
A19: have not been met, or
A21: 2 | B21: to which, in my opinion, attention should be drawn in order to enable a proper understanding of the accounts to be reached.
B23: =IF(C29>0,C29," ") -> Jillian Ridding
A25: ____________________________
A26: Signature | G26: Date | H26: =IF('DATA INPUT'!C48>0,'DATA INPUT'!C48," ") -> 46243
A29: Name: | C29: =IF('DATA INPUT'!C34>0,'DATA INPUT'!C34," ") -> Jillian Ridding
A31: Address: | C31: =IF('DATA INPUT'!C36>0,'DATA INPUT'!C36," ") -> 14 Randolph Crescent
C32: =IF('DATA INPUT'!C37>0,'DATA INPUT'!C37," ") -> Garlieston
C33: =IF('DATA INPUT'!C38>0,'DATA INPUT'!C38," ") -> Newton Stewart
C34: =IF('DATA INPUT'!C39>0,'DATA INPUT'!C39," ")
